 Dungeon Crawl Stone Soup version 0.29.1-2-gbd0b4ee654 (webtiles) character file.

Game seed: 6847734900615181551

314 whiskeysaurus the Ruffian (level 6, -9/61 HPs)
             Began as a Troll Fighter on Nov 2, 2022.
             Mangled by Sigmund
             ... wielding a +2 scythe of venom
              (10 damage)
             ... on level 6 of the Dungeon.
             The game lasted 00:08:59 (2725 turns).

whiskeysaurus the Ruffian (Troll Fighter)           Turns: 2725, Time: 00:09:00

Health: -9/61      AC:  4    Str: 27    XL:     6   Next: 19%
Magic:  5/5        EV:  8    Int:  4    God:
Gold:   66         SH:  7    Dex:  9    Spells: 5/5 levels left

rFire   . . .      SeeInvis .     - Unarmed
rCold   . . .      Faith    .   b - +0 kite shield
rNeg    . . .      Spirit   .   a - +0 robe
rPois   .          Reflect  .   (helmet restricted)
rElec   .          Harm     .   (no cloak)
rCorr   .          Rampage  .   (gloves unavailable)
Will    .....                   (boots unavailable)
Stlth   +.........              (no amulet)
HPRegen 1.00/turn               (no ring)
MPRegen 0.09/turn               (no ring)

@: lethally poisoned (-9 -> -17)
A: large, unfitting armour, claws 3, regeneration 1, shaggy fur 1, tough skin 1
a: no special abilities


You were on level 6 of the Dungeon.
You visited 1 branch of the dungeon, and saw 5 of its levels.

You collected 116 gold pieces.
You spent 50 gold pieces at shops.

Inventory:

Hand Weapons
 s - the +11 dagger "Ypnegirch" {vorpal, rF- Dex+3}
   (You found it on level 3 of the Dungeon)

   It inflicts extra damage upon your enemies.
   Dex:       It affects your dexterity (+3).
   rF:        It makes you vulnerable to fire.
Missiles
 f - 28 stones
 q - 6 atropa-tipped darts (quivered)
 y - 8 boomerangs
Armour
 a - a +0 robe (worn)
 b - a +0 kite shield (worn)
 w - an orb of energy
Jewellery
 m - a ring of ice
Scrolls
 e - 2 scrolls of brand weapon {unknown}
 g - 4 scrolls of teleportation
 h - 2 scrolls of magic mapping {unknown}
 i - 2 scrolls of butterflies {unknown}
 l - 2 scrolls of enchant armour {unknown}
 p - 3 scrolls of identify
 r - a scroll of amnesia {unknown}
 u - a scroll of poison {unknown}
 v - a scroll of torment {unknown}
Potions
 c - a potion of might
 d - 3 potions of mutation {unknown}
 j - 2 potions of attraction {unknown}
 k - 3 potions of curing {unknown}
 n - 2 potions of heal wounds {unknown}
 o - a potion of resistance {unknown}
 t - 2 potions of invisibility {unknown}
 x - a potion of brilliance {unknown}


   Skills:
 + Level 3.5 Fighting
 - Level 2.4 Dodging
 + Level 3.9 Shields
 * Level 4.9 Unarmed Combat


You had 5 spell levels left.
You didn't know any spells.
Your spell library was empty.

Dungeon Overview and Level Annotations

Branches:
Dungeon (4/15)
 Temple: D:4-7

Altars:

Shops:
D:2 :(*?[

Annotations:
D:6 Sigmund


Innate Abilities, Weirdness & Mutations

You are too large for most types of armour.
You have claws for hands.
Your natural rate of healing is unusually fast.
You are covered in fur. (AC +1)
You have tough skin. (AC +1)


Message History

You scratch Sigmund but do no damage.
Sigmund is lightly wounded.
You feel sick.
You barely miss Sigmund.
Sigmund is lightly wounded.
You feel sick. You block Sigmund's attack.
You barely miss Sigmund.
Sigmund is lightly wounded.
You feel sick.
Sigmund hits you with a +2 scythe of venom.
You are more poisoned.
You scratch Sigmund.
Sigmund is moderately wounded.
You feel sick.
Sigmund casts a spell.
Sigmund flickers and vanishes!
Deactivating autopickup; reactivate with Ctrl-A.
No target in view!
No target in view!
No target in view!
You closely miss something.
You feel sick. You block something's attack.
You closely miss something.
You feel sick.
You miss something.
You feel sick. Something hits you!
You are more poisoned.
You miss something.
You feel very sick. You block something's attack.
You miss something.
You feel very sick. Something hits you.
* * * LOW HITPOINT WARNING * * *
You are lethally poisoned!
You claw something!
* * * LOW HITPOINT WARNING * * *
You feel very sick.
You barely miss something.
* * * LOW HITPOINT WARNING * * *
You feel very sick. Something hits you!
You die...

......## ##....## ......#
##....# ......# ###...##
...#.## ##......## ..##.#
###........#
.###.###..........## ##
#.##............## ####### #
#)#...........{..###.....###
##............@#..##........###
#..............##.............#
#...............##............#
#...............###...........#
#...............# #...........#
#.#.............# #..@........#
#.#.............# ##..........#
................# ##.........#
.. ...8..#.....>.# ##.......##


There were no monsters in sight!

Vanquished Creatures
  A black bear (D:6)
  An iguana (D:4)
  An orc wizard (D:6)
  Robin (D:2)
  4 adders
  A white imp (D:6)
  3 worms
  4 dart slugs
  8 orcs
  8 ball pythons
  6 endoplasms
  A giant cockroach (D:1)
  10 goblins
  9 hobgoblins
  9 jackals
  9 kobolds
  2 quokkas
  7 bats
  6 frilled lizards
  4 rats
95 creatures vanquished.

Vanquished Creatures (others)
  2 fungi (D:4)
2 creatures vanquished.

Grand Total: 97 creatures vanquished

Notes
Turn   | Place    | Note
-------+----------+-------------------------------------------
     0 | D:1      | whiskeysaurus the Troll Fighter began the quest for the
                  | Orb.
     0 | D:1      | Reached XP level 1. HP: 22/22 MP: 0/0
    80 | D:1      | Reached XP level 2. HP: 28/29 MP: 1/1
   186 | D:1      | Found a faded altar of an unknown god.
   672 | D:1      | Reached XP level 3. HP: 36/36 MP: 2/2
   696 | D:1      | Reached skill level 3 in Unarmed Combat
  1015 | D:2      | Found Soarif's Weapon Shoppe.
  1210 | D:2      | Found Tugunir's Book Shop.
  1283 | D:2      | Found Xehos's Armour Shop.
  1394 | D:2      | Found Oriesel's General Store.
  1402 | D:2      | Bought a scroll of identify for 20 gold pieces
  1418 | D:2      | Noticed Robin
  1457 | D:2      | Killed Robin
  1458 | D:2      | Reached XP level 4. HP: 36/44 MP: 3/3
  1655 | D:2      | Found Seijoeph's Magic Scroll Emporium.
  1658 | D:2      | Bought a scroll of teleportation for 30 gold pieces
  1879 | D:3      | Identified the +11 dagger "Ypnegirch" {vorpal, rF- Dex+3}
  2351 | D:4      | Reached skill level 4 in Unarmed Combat
  2353 | D:4      | Reached XP level 5. HP: 53/53 MP: 4/4
  2572 | D:4      | You fall into a shaft and drop 2 floors!
  2588 | D:6      | Noticed a black bear
  2596 | D:6      | Killed a black bear
  2597 | D:6      | Reached XP level 6. HP: 55/61 MP: 5/5
  2691 | D:6      | Noticed Sigmund
  2725 | D:6      | HP: 1/61 [poisoned by Sigmund]
  2725 | D:6      | Mangled by Sigmund

Illustrated notes

Levels and vault maps discovered:
D:1:      lightli_arrival_farm, layout_basic, ebering_ecumenical_altar_rust
D:2:      layout_loops_ring, serial_shops, shop, nicolae_shop_behind_doors,
          nicolae_shop_statue_plus, shop, shop, uniq_robin
D:3:      minmay_bubble_buster, layout_rooms
D:4:      layout_cave_pools, minmay_temple_entry_fiery,
          dreamdust_mushroom_princess, ldierk_geyser
D:6:      layout_cave_pods, grunt_decor_junction, guppyfry_early_elven_hall,
          uniq_crazy_yiuf_cottage, uniq_sigmund

Skill      XL: |  1  2  3  4 |
---------------+-------------+-----
Shields        | 3 |  3.9
Unarmed Combat | 3 4 |  4.9
Fighting       | 3 |  3.5
Dodging        | |  2.4

Action                   |  1- 3 |  4- 6 || total
-------------------------+-------+-------++-------
Melee: Unarmed           |    92 |   161 ||   253
Throw: Dart              |       |     3 ||     3
 Stab: Sleeping          |     1 |       ||     1
Armor: Robe              |    31 |    45 ||    76
Dodge: Dodged            |    22 |    56 ||    78
Block: Kite shield       |    35 |    81 ||   116
